 Dungeon Crawl Stone Soup version 0.22.1-1-ga44c0e56f4 (webtiles) character file.

56 Kaderl the Covered (level 4, -6/35 HPs)
             Began as a Human Fighter on Sept 25, 2018.
             Mangled by an ogre
             ... wielding a cursed -2 giant spiked club
              (10 damage)
             ... on level 4 of the Dungeon.
             The game lasted 00:04:37 (1141 turns).

Kaderl the Covered (Human Fighter)                  Turns: 1141, Time: 00:04:38

Health: -6/35      AC: 10    Str: 18    XL:     4   Next: 17%
Magic:  4/4        EV:  7    Int:  8    God:
Gold:   32         SH:  0    Dex: 12    Spells: 3/3 levels left

rFire    . . .     SeeInvis .   a - +1 trident
rCold    . . .     Gourm    .   (no shield)
rNeg     . . .     Faith    .   k - +1 chain mail
rPois    .         Spirit   .   (no helmet)
rElec    .         Reflect  .   (no cloak)
rCorr    .         Harm     .   (no gloves)
MR       .....                  (no boots)
Stlth    ..........             (no amulet)
HPRegen  0.11/turn              (no ring)
MPRegen  0.09/turn              (no ring)

@: very slightly contaminated
A: no striking features
a: no special abilities


You were on level 4 of the Dungeon.
You were not hungry.

You visited 1 branch of the dungeon, and saw 3 of its levels.

You collected 32 gold pieces.

Inventory:

Hand Weapons
 a - a +1 trident (weapon)
Armour
 k - a +1 chain mail (worn)
Scrolls
 e - a scroll of enchant weapon
Potions
 b - a potion of heal wounds {unknown}
 d - a potion of might
 h - a potion of brilliance {unknown}
 j - 2 potions of agility {unknown}
Comestibles
 f - 3 rations


   Skills:
 + Level 3.4 Fighting
 + Level 2.8 Polearms
 + Level 3.5 Armour
 + Level 0.5 Dodging
   Level 3.2 Shields


You had 3 spell levels left.
You didn't know any spells.
Your spell library contained the following spells:

 Spells                   Type           Power        Failure   Level  Hunger
 Confusing Touch          Hex            #.....       99%         1    ##.....
 Confuse                  Hex            #.......     100%        3    ####...
 Gell's Gravitas          Tloc           #.........   100%        3    ####...
 Petrify                  Tmut/Erth      #.......     100%        4    #####..
 Metabolic Englaciation   Hex/Ice        #.........   100%        5    ######.
 Yara's Violent Unravell  Hex/Tmut       #.........   100%        5    ######.


Dungeon Overview and Level Annotations

Branches:
Dungeon (2/15)

Altars:
Nemelex Xobeh
Wu Jian


Message History

Your +0 chain mail glows green for a moment.
The ogre closely misses you.
Blink to where?
Press: ? - help, Dir - move target cursor You are very lightly contaminated with residual magic.
As you read the scroll labeled ELEFIW ALLIU, it crumbles to dust.
It was a scroll of blinking.
The quokka bites you but does no damage.
The ogre hits you with a giant spiked club!
An ogre comes into view. It is wielding a giant spiked club.
The ogre shouts!
Found a scroll labeled OZXEMO ZURRAONT.
Found 15 stones.
A worker ant comes into view.
The ogre hits you with a giant spiked club!!
Ouch! That really hurt!
* * * LOW HITPOINT WARNING * * *
Found a chain mail.
The ogre hits you with a giant spiked club!
You die...

#.# #.# #.# #.#
#.# #.# #.# #.#
#.### #.# #...#
#.#
########.########
#....r......####
#.###..O@.......
# #..O........
............[..
####^..........
#.a.$.......
.....#......
.....?#......
...(...#......


You could see 2 ogres, a worker ant and a quokka.

Vanquished Creatures
  An adder (D:2)
  A dart slug (D:1)
  2 worms (D:2)
  2 leopard geckos
  A ball python (D:1)
  2 bats (D:1)
  2 giant cockroaches (D:1)
  3 hobgoblins
  6 jackals
  A frilled lizard (D:1)
  4 goblins (D:1)
  5 kobolds (D:1)
  5 rats (D:1)
35 creatures vanquished.

Notes
Turn   | Place    | Note
-------+----------+-------------------------------------------
     0 | D:1      | Kaderl the Human Fighter began the quest for the Orb.
     0 | D:1      | Reached XP level 1. HP: 18/18 MP: 1/1
   125 | D:1      | Reached XP level 2. HP: 24/24 MP: 2/2
   282 | D:1      | Reached XP level 3. HP: 16/29 MP: 3/3
   713 | D:2      | Found an ornate altar of the Wu Jian Council.
   746 | D:2      | Reached XP level 4. HP: 15/35 MP: 4/4
  1072 | D:2      | Found a sparkling altar of Nemelex Xobeh.
  1080 | D:2      | You fall through a shaft for 2 floors!
  1080 | D:4      | Noticed an ogre
  1136 | D:4      | Noticed an ogre
  1141 | D:4      | Mangled by an ogre

Action                   |  1- 3 |  4- 6 || total
-------------------------+-------+-------++-------
Melee: Trident           |   111 |     9 ||   120
  Use: Scroll            |       |     4 ||     4
  Eat: Ration            |       |     1 ||     1
Armor: Scale mail        |    47 |       ||    47
       Chain mail        |     2 |     9 ||    11
Dodge: Dodged            |    43 |     4 ||    47
